 Dungeon Crawl Stone Soup version 0.30.1-4-g462c640d31 (webtiles) character file.

Game seed: 8919197754306841019

11158 safid the Frost Mage (level 11, -7/92 HPs)
             Began as a Merfolk Ice Elementalist on Sept 18, 2023.
             Was a High Priest of Vehumet.
             Killed from afar by a molten gargoyle (18 damage)
             ... with a bolt of magma
             ... on level 9 of the Dungeon.
             The game lasted 00:26:38 (10980 turns).

safid the Frost Mage (Merfolk Ice Elementalist)    Turns: 10980, Time: 00:26:39

Health: -7/92      AC: 25    Str:  8    XL:     11   Next: 73%
Magic:  17/23      EV: 15    Int: 17    God:    Vehumet [*****.]
Gold:   513        SH:  0    Dex: 15    Spells: 14/26 levels left

rFire   . . .        y - +2 hand axe (flame)
rCold   . . .        (no shield)
rNeg    + . .        G - +14 Cigotuvi's embrace {Corpsefed rMiasma Drain rN+}
rPois   +            K - +1 hat {Will+}
rElec   .            M - +0 cloak
rCorr   .            e - +0 pair of gloves
SInv    .            o - +0 pair of boots
Will    +....        (no amulet)
Stlth   ++           f - ring of poison resistance
HPRegen 0.35/turn    s - +4 ring of protection
MPRegen 0.18/turn

%: no passive effects
@: freezing walls
A: (nimble swimmer 2), mertail, dopey 1
a: Renounce Religion


You were on level 9 of the Dungeon.
You worshipped Vehumet.
Vehumet was extremely pleased with you.
You visited 2 branches of the dungeon, and saw 10 of its levels.
You also visited: Ossuary and Bailey.

You collected 513 gold pieces.

Inventory:

Hand Weapons
 y - a +2 hand axe of flaming (weapon)
Armour
 d - a +1 robe of willpower
 e - a +0 pair of gloves (worn)
 o - a +0 pair of boots (worn)
 G - the +14 Cigotuvi's embrace (worn) {Corpsefed rMiasma Drain rN+}
   (You took it off a kobold in a bailey)

   Corpsefed: It gathers nearby corpses to temporarily increase the armour it
   provides.
   rMiasma:   It protects you from foul pestilence.
   rN:        It protects you from negative energy.
   Drain:     It drains your maximum health when unequipped.
 K - a +1 hat of willpower (worn)
 M - a +0 cloak (worn)
Jewellery
 f - a ring of poison resistance (left hand)
 h - a ring of ice
 r - a ring of fire
 s - a +4 ring of protection (right hand)
 D - a ring of see invisible
 N - an amulet of the acrobat
Wands
 a - a wand of flame (26)
 m - a wand of roots (10)
 p - a wand of mindburst (14)
Scrolls
 c - a scroll of silence {unknown}
 g - a scroll of enchant armour {unknown}
 i - 5 scrolls of immolation
 j - 2 scrolls of blinking
 l - 4 scrolls of fog
 n - 10 scrolls of teleportation
 v - a scroll of vulnerability {unknown}
 E - 2 scrolls of enchant weapon
 F - a scroll of brand weapon {unknown}
 H - a scroll of fear {unknown}
 O - a scroll of identify
Potions
 b - 4 potions of magic
 k - 3 potions of might
 q - 4 potions of ambrosia
 t - 2 potions of lignification {unknown}
 u - 4 potions of flight
 w - 2 potions of heal wounds {unknown}
 x - a potion of berserk rage {unknown}
 z - 4 potions of curing
 A - a potion of attraction {unknown}
 B - 2 potions of haste {unknown}
 C - a potion of invisibility {unknown}
 I - a potion of degeneration {unknown}
 J - 2 potions of brilliance {unknown}
Miscellaneous
 L - a lightning rod (4/4)


   Skills:
 + Level 10.8 Fighting
 + Level 2.9 Armour
 - Level 8.0 Dodging
 - Level 2.1 Stealth
 - Level 8.0 Spellcasting
 + Level 2.1 Conjurations
 + Level 11.9 Ice Magic
 - Level 2.0 Air Magic


You had 14 spell levels left.
You knew the following spells:

 Your Spells              Type           Power      Damage    Failure   Level
a - Freeze                Ice            100%       1d10      1%          1
b - Frozen Ramparts       Ice            94%        1d15      1%          3
c - Ozocubu's Armour      Ice            47%        N/A       1%          3
d - Freezing Cloud        Conj/Ice/Air   12%        6-21      12%         5

Your spell library contained the following spells:

 Spells                   Type           Power      Damage    Failure   Level
 Fireball                 Conj/Fire      5%         3d5       54%         5
 Dazzling Flash           Conj/Hex       20%        N/A       8%          3
 Volatile Blastmotes      Fire/Tloc      12%        2d11      12%         3
 Summon Ice Beast         Ice/Summ       27%        N/A       13%         4
 Summon Small Mammal      Summ           24%        N/A       14%         1
 Iskenderun's Mystic Bla  Conj/Tloc      10%        2d4       24%         4
 Call Canine Familiar     Summ           6%         N/A       41%         3
 Summon Guardian Golem    Hex/Summ       6%         N/A       41%         3
 Starburst                Conj/Fire      5%         6d4       96%         6


Dungeon Overview and Level Annotations

Branches:
Dungeon (9/15)             Temple (1/1) D:4            Lair (0/5) D:8
Ossuary (visited)          Bailey (visited)
    Orc: D:9-12

Altars:
Ashenzari
Dithmenos
Fedhas
Gozag
Hepliaklqana
Kikubaaqudgha
Makhleb
Nemelex Xobeh
Okawaru
Qazlal
Sif Muna
Trog
Uskayaw
Vehumet
Wu Jian
Xom
Zin
The Shining One

Shops:
D:4 [

Portals:
Abyss: D:9

Annotations:
D:9 2 transporters, lonewolfV2's ghost, novice TrFi


Innate Abilities, Weirdness & Mutations

((You are very nimble when in or above water. (Stealth+, EV+, Speed+++)))
Your lower body shifts to a powerful aquatic tail in water.
You are dopey. (Int -2)


Message History

You hit the molten gargoyle but do no damage.
The molten gargoyle is lightly damaged.
Your icy armour starts to melt.
The molten gargoyle hits you but does no damage.
The molten gargoyle closely misses you.
Unknown command.
You hit the molten gargoyle but do no damage.
The molten gargoyle blasts magma at you!
The bolt of magma hits you!
Your icy armour melts away.
Unknown command.
You completely miss the molten gargoyle.
The molten gargoyle barely misses you.
Unknown command.
Casting: Ozocubu's Armour (safe; 1% risk of failure)
Confirm with . or Enter, or press ? or * to list all spells.
Casting: Frozen Ramparts (safe; 1% risk of failure)
Press: ? - help, Dir - look around, f - activate The walls around you are covered in ice.
The wall freezes the molten gargoyle!
The molten gargoyle hits you with a +0 mace.
You are engulfed in flames!
Unknown command.
You hit the molten gargoyle but do no damage.
The molten gargoyle is moderately damaged.
A chunk of your corpse armour falls away.
The wall freezes the molten gargoyle!
The wall freezes the molten gargoyle but does no damage.
The molten gargoyle hits you but does no damage.
The wall freezes the molten gargoyle.
The molten gargoyle hits you with a +0 mace!
* * * LOW HITPOINT WARNING * * *
You are engulfed in flames!
* * * LOW HITPOINT WARNING * * *
You barely miss the molten gargoyle.
The molten gargoyle is heavily damaged.
The wall freezes the molten gargoyle but does no damage.
The molten gargoyle blasts magma at you!
The bolt of magma hits you!!
You die...

.≈≈≈§§§ .≈≈88§≈
.≈≈88§≈ ≈≈≈§§≈≈
§≈§§≈9 ## ≈.§.. #.#
#.#9#.## #.#@#.#
#...# ########
######'## .......#
#.......# .......#
#.......#
.......#####.......#
.......'...#.......+
.......###.'.......#
.......# ###.......#


You could see 2 molten gargoyles.

Vanquished Creatures
  Gastronok (D:8)
  A two-headed ogre (D:8)
  Erica (D:8)
  An orc knight (Bailey)
  A molten gargoyle (D:9)
  Joseph (D:8)
  A troll (D:9)
  A queen bee (D:9)
  Sigmund (D:2)
  13 yaks (D:8)
  A steam dragon (D:9)
  A water moccasin (D:4)
  6 orc warriors
  2 ice beasts
  3 sky beasts
  A black bear (D:8)
  4 ogres
  A centaur (D:8)
  A phantom (D:6)
  3 kobold brigands
  4 bullfrogs
  A gnoll sergeant (D:8)
  2 scorpions (D:5)
  14 wights
  31 killer bees (D:9)
  A howler monkey (D:9)
  4 hounds
  A jelly (D:6)
  3 gnoll boudas
  6 orc priests
  A sleepcap (D:7)
  4 iguanas
  Ijyb (D:3)
  Terence (D:2)
  6 orc wizards
  2 mummies
  13 gnolls
  9 adders
  4 white imps
  An ufetubus (D:5)
  A worm (D:2)
  2 dart slugs
  35 orcs
  3 spectral bats (Ossuary)
  8 ball pythons
  8 bats
  9 endoplasms
  A giant cockroach (D:1)
  12 gnoll zombies (Ossuary)
  19 goblins
  7 hobgoblins
  3 jackals (D:4)
  3 quokkas
  6 bat simulacra (Ossuary)
  4 frilled lizards
  4 goblin simulacra (Ossuary)
  4 goblin zombies
  7 hobgoblin zombies
  34 kobolds
  3 kobold simulacra (Ossuary)
  7 kobold zombies (Ossuary)
  2 orc zombies (Ossuary)
  7 rats
  A rat simulacrum (Ossuary)
  2 spectral goblins (Ossuary)
  3 spectral kobolds (Ossuary)
  4 spectral rats (Ossuary)
353 creatures vanquished.

Vanquished Creatures (others)
  A ball python (D:3)
  2 giant cockroaches (D:3)
  A goblin (D:3)
  A hobgoblin (D:3)
5 creatures vanquished.

Grand Total: 358 creatures vanquished

Notes
Turn   | Place    | Note
-------+----------+-------------------------------------------
     0 | D:1      | safid the Merfolk Ice Elementalist began the quest for the
                  | Orb.
     0 | D:1      | Reached XP level 1. HP: 13/13 MP: 3/3
    80 | D:1      | Reached XP level 2. HP: 6/20 MP: 0/5
   312 | D:1      | Reached skill level 1 in Fighting
   563 | D:1      | Reached XP level 3. HP: 26/26 MP: 6/6
   575 | D:1      | Learned a level 3 spell: Frozen Ramparts
   819 | D:2      | Learned a level 3 spell: Ozocubu's Armour
   936 | D:2      | Noticed Sigmund
   946 | D:2      | Killed Sigmund
   947 | D:2      | Reached skill level 5 in Ice Magic
   947 | D:2      | Reached XP level 4. HP: 5/35 MP: 0/9
   947 | D:2      | Reached XP level 5. HP: 5/41 MP: 0/10
  1175 | D:2      | Noticed Terence
  1195 | D:2      | Killed Terence
  1383 | D:2      | Reached XP level 6. HP: 46/47 MP: 11/11
  1537 | D:2      | Found a glowing silver altar of Zin.
  1775 | D:3      | Identified the +0 hat "Furuefot" {Contam +Blink Str+2}
  1830 | D:3      | Found a shimmering altar of Xom.
  2035 | D:3      | Found a bloodstained altar of Trog.
  2119 | D:3      | Noticed Ijyb
  2140 | D:3      | Killed Ijyb
  2141 | D:3      | Reached skill level 6 in Ice Magic
  2629 | D:3      | Found a glowing silver altar of Zin.
  2962 | D:4      | Found a sand-covered staircase.
  2973 | Ossuary  | Entered an ossuary
  4081 | D:4      | Reached XP level 7. HP: 37/54 MP: 13/13
  4292 | D:4      | Found a staircase to the Ecumenical Temple.
  4458 | Temple   | Entered the Ecumenical Temple
  4484 | Temple   | Became a worshipper of Vehumet
  4676 | D:4      | Found an ancient bone altar of Kikubaaqudgha.
  4948 | D:4      | Reached skill level 5 in Fighting
  5228 | D:4      | Found Ifexetebre's Armour Shoppe.
  5453 | D:5      | Entered Level 5 of the Dungeon
  5533 | D:5      | Reached skill level 7 in Ice Magic
  5583 | D:5      | Reached skill level 5 in Spellcasting
  5583 | D:5      | Reached XP level 8. HP: 20/62 MP: 6/15
  6098 | D:5      | Reached * piety under Vehumet
  6098 | D:5      | Offered knowledge of Sandblast by Vehumet.
  6194 | D:5      | Found a sparkling altar of Nemelex Xobeh.
  6615 | D:6      | Found an ornate altar of the Wu Jian Council.
  6841 | D:6      | Gained mutation: You are dopey. (Int -2) [mutagenic glow]
  6849 | D:6      | Reached skill level 8 in Ice Magic
  7116 | D:6      | Reached XP level 9. HP: 71/71 MP: 11/18
  7332 | D:6      | Offered knowledge of Searing Ray by Vehumet.
  7400 | D:5      | Reached ** piety under Vehumet
  8037 | D:7      | Reached skill level 5 in Dodging
  8194 | D:7      | Reached skill level 9 in Ice Magic
  9107 | D:8      | Noticed Gastronok
  9121 | D:8      | Reached XP level 10. HP: 54/80 MP: 17/20
  9135 | D:8      | Offered knowledge of Ignite Poison by Vehumet.
  9138 | D:8      | Killed Gastronok
  9139 | D:8      | Reached skill level 10 in Ice Magic
  9190 | D:8      | Noticed a two-headed ogre
  9202 | D:8      | Killed a two-headed ogre
  9311 | D:8      | Reached *** piety under Vehumet
  9322 | D:8      | Found a flagged portal.
  9332 | Bailey   | Entered a bailey
  9440 | Bailey   | Noticed an orc knight
  9619 | Bailey   | Offered knowledge of Airstrike by Vehumet.
  9634 | Bailey   | Killed an orc knight
  9635 | Bailey   | Reached skill level 11 in Ice Magic
  9641 | Bailey   | Reached XP level 11. HP: 74/90 MP: 10/23
  9850 | D:8      | Noticed Erica
  9866 | D:8      | Killed Erica
  9867 | D:8      | Reached skill level 10 in Fighting
  9867 | D:8      | Reached skill level 1 in Armour
  9954 | D:8      | Noticed Joseph
  9975 | D:8      | Killed Joseph
  9975 | D:8      | Reached **** piety under Vehumet
 10224 | D:8      | Found a staircase to the Lair.
 10312 | D:8      | Offered knowledge of Freezing Cloud by Vehumet.
 10319 | D:8      | Learned a level 5 spell: Freezing Cloud
 10729 | D:9      | Reached skill level 1 in Conjurations
 10732 | D:9      | Reached skill level 1 in Air Magic
 10743 | D:9      | Reached ***** piety under Vehumet
 10743 | D:9      | Offered knowledge of Fireball by Vehumet.
 10822 | D:9      | Found a transporter.
 10829 | D:9      | Noticed a glowing orange brain
 10894 | D:9      | Found a one-way gate to the infinite horrors of the Abyss.
 10894 | D:9      | Noticed lonewolfV2's ghost (novice TrFi)
 10895 | D:9      | Noticed a sixfirhy
 10923 | D:9      | Found a transporter.
 10924 | D:9      | Noticed a wizard
 10980 | D:9      | Killed from afar by a molten gargoyle

Illustrated notes

Levels and vault maps discovered:
D:1:      dpeg_arrival_fog, layout_basic, minmay_misc_feat_tower,
          minmay_ruptured
D:2:      layout_loops_ring, basic_altar, minmay_misc_feat_pillars,
          uniq_terence, uniq_sigmund
D:3:      layout_rooms, mainiacjoe_overflow_six_doors_small,
          mainiacjoe_overflow_catwalk, xom_confusion_cloud,
          nicolae_hexahallways, kennysheep_crisscross, chequers_jeans, uniq_ijyb
D:4:      layout_basic, lemuel_doored_altar, minmay_temple_entry_tees,
          nicolae_ossuary_entry_giza, serial_shops,
          nicolae_shop_just_a_little_nook
D:5:      layout_loops_ring, nemelex_spade_bored_becter
D:6:      minmay_chambers_of_threes, layout_rooms,
          mainiacjoe_overflow_cross_hatched
D:7:      layout_basic, chequers_serial_rivers_marsh
D:8:      corexii_shack_village, layout_loops_cross,
          grunt_lair_entry_orc_guard_hut, enter_bailey_5,
          grunt_decor_resistance, uniq_erica, uniq_joseph, uniq_gastronok
D:9:      layout_roguey [special_room_bee],
          chequers_temple_overflow_statue_of_worship,
          gammafunk_ghost_abyssal_escape, minivault_8
Temple:   nicolae_temple_slightly_damp_pantheon

Skill      XL: |  1  2  3  4  5  6  7  8  9 10 11 |
---------------+----------------------------------+-----
Fighting       | 1 3 4 5 6 8 9 10 | 10.8
Spellcasting   | 3 4 5 6 7 8 |  8.0
Ice Magic      | 5 6 7 8 9 11 | 11.9
Dodging        | 3 6 8 |  8.0
Armour         | 2 |  2.9
Conjurations   | 2 |  2.1
Air Magic      | 2 |  2.0
Stealth        | |  2.1

Action                     |  1- 3 |  4- 6 |  7- 9 | 10-12 || total
---------------------------+-------+-------+-------+-------++-------
  Melee: Mace              |    74 |   303 |    65 |       ||   442
         Punch             |       |     2 |     4 |     5 ||    11
         Hand axe          |       |       |   238 |   250 ||   488
         Tailslap          |       |       |       |     2 ||     2
   Cast: Freeze            |     8 |     3 |    13 |    17 ||    41
         Ozocubu's Armour  |     1 |    19 |    26 |    21 ||    67
         Frozen Ramparts   |     1 |     2 |    43 |    37 ||    83
  Evoke: Wand              |       |       |       |     2 ||     2
    Use: Scroll            |       |       |     5 |     3 ||     8
         Potion            |       |       |       |     1 ||     1
   Stab: Sleeping          |     7 |     5 |     4 |     2 ||    18
 Armour: Robe              |    28 |   133 |   145 |    26 ||   332
         Leather armour    |       |       |       |   130 ||   130
  Dodge: Dodged            |    51 |   232 |   232 |   285 ||   800
